 Dungeon Crawl Stone Soup version 0.24-a0-335-g06ca16a (webtiles) character file.

Game seed: 4291177602628272701

11998 Borgoz the Fighter (level 11, -2/72 HPs)
             Began as a Gargoyle Gladiator on May 18, 2019.
             Was a Follower of Ashenzari.
             Slain by an orc knight
             ... wielding a +0 war axe of chopping
              (15 damage)
             ... on level 10 of the Dungeon.
             The game lasted 00:24:03 (11262 turns).

Borgoz the Fighter (Gargoyle Gladiator)            Turns: 11262, Time: 00:24:03

Health: -2/72      AC: 23    Str: 23    XL:     11   Next: 86%
Magic:  11/11      EV: 12    Int:  9    God:    Ashenzari [*.....]
Gold:   739        SH:  0    Dex: 18    Spells: 10/10 levels left

rFire    . . .     SeeInvis +   a - +0 long sword
rCold    . . .     Gourm    .   (no shield)
rNeg     + . .     Faith    .   p - +0 plate armour
rPois    ∞         Spirit   .   c - +0 helmet
rElec    +         Reflect  .   (no cloak)
rCorr    .         Harm     .   (no gloves)
MR       .....                  (no boots)
Stlth    ..........             (no amulet)
HPRegen  0.22/turn              d - +4 ring of dexterity
MPRegen  0.12/turn              r - ring of see invisible

@: mighty
A: negative energy resistance 1, electricity resistance, unbreathing,
petrification resistance, rot immunity, AC +8
a: Curse Item, Scrying, Renounce Religion


You were on level 10 of the Dungeon.
You worshipped Ashenzari.
Ashenzari was aware of your devotion.
You were very hungry.

You visited 2 branches of the dungeon, and saw 12 of its levels.
You also visited: Ossuary.

You collected 739 gold pieces.

Inventory:

Hand Weapons
 a - a +0 long sword (weapon)
 b - a +2 dagger of draining
 F - the +12 hunting sling of Red Wine {venom, Dex+4}
   (You found it on level 10 of the Dungeon)

   It poisons the ammo it fires.
   It affects your dexterity (+4).
Armour
 c - a +0 helmet (worn)
 p - a +0 plate armour (worn)
 C - a +0 troll leather armour
 E - the +1 robe of Music {rElec}
   (You found it on level 8 of the Dungeon)

   It insulates you from electricity.
Jewellery
 d - a +4 ring of dexterity (left hand)
 e - an uncursed ring of positive energy
 m - a +2 ring of protection
 r - a ring of see invisible (right hand)
 u - an uncursed ring of stealth
 I - an uncursed ring of flight
Wands
 q - a wand of digging (4)
 t - a wand of enslavement (11)
 H - a wand of flame (5)
 J - a wand of iceblast (5)
Scrolls
 g - 2 scrolls of teleportation
 i - 2 scrolls of amnesia
 k - 3 scrolls of enchant armour
 n - 2 scrolls of enchant weapon
 s - 5 scrolls of remove curse
 x - a scroll of magic mapping
 y - a scroll of immolation {unknown}
 z - 3 scrolls of fog
 A - a scroll of acquirement {unknown}
 L - a scroll of random uselessness {unknown}
Potions
 h - 2 potions of flight
 j - a potion of resistance {unknown}
 l - 5 potions of curing
 w - a potion of haste
 B - 2 potions of cancellation
 D - a potion of berserk rage
Comestibles
 f - 17 rations


   Skills:
 * Level 10.2 Fighting
 * Level 9.6 Long Blades
 - Level 1.7 Throwing
 * Level 9.9 Armour
 * Level 8.8 Dodging
 + Level 4.7 Stealth


You had 10 spell levels left.
You didn't know any spells.
Your spell library contained the following spells:

 Spells                   Type           Power        Failure   Level  Hunger
 Magic Dart               Conj           #...         99%         1    ##.....
 Sting                    Conj/Pois      #...         99%         1    ##.....
 Searing Ray              Conj           #.....       100%        2    ###....
 Dazzling Spray           Conj/Hex       #.....       100%        3    ####...
 Force Lance              Conj/Tloc      #.......     100%        4    #####..
 Fulminant Prism          Conj/Hex       #.........   100%        4    #####..
 Iskenderun's Mystic Bla  Conj           #.......     100%        4    #####..


Dungeon Overview and Level Annotations

Branches:
Dungeon (11/15)            Temple (1/1) D:7             Orc (0/2) D:9
   Lair: D:8-11

Altars:
Ashenzari
Cheibriados
Dithmenos
Elyvilon
Fedhas
Gozag
Hepliaklqana
Kikubaaqudgha
Makhleb
Nemelex Xobeh
Okawaru
Qazlal
Ru
Sif Muna
Trog
Uskayaw
Vehumet
Wu Jian
Xom
Yredelemnul
Zin
The Shining One


Innate Abilities, Weirdness & Mutations

You are resistant to torment.
Your stone body is resilient. (AC +8)
You are immune to poison.
You resist negative energy. (rN+)
You are resistant to electric shocks. (rElec)
You can survive without breathing.
You are immune to petrification.
You are immune to rotting.


Message History

The orc knight is moderately wounded.
The orc knight barely misses you.
You slash the orc knight!
The orc knight is heavily wounded.
The orc knight barely misses you.
You slash the orc knight!
The orc knight is severely wounded.
You hit the orc knight but do no damage.
The orc knight is severely wounded.
The orc knight hits you but does no damage.
You completely miss the orc knight.
The orc knight is severely wounded.
The orc knight hits you but does no damage.
You barely miss the orc knight.
The orc knight is severely wounded.
The orc knight misses you.
You barely miss the orc knight.
The orc knight is severely wounded.
The orc knight hits you with a +0 war axe of chopping!
You die...

#################################
.................................
..##############################.
..# #. ..# #. ..# #. ..# #.
..##############################.
......>.......yo@......<.........
..............###################
#############.# # #.# #
#############.# #
..............###################
.................................
################..###############
#..#


You could see an orc knight and a killer bee.

Vanquished Creatures
  A hydra (D:9)
  2 unseen horrors (D:10)
  An ugly thing (D:9)
  Joseph (D:7)
  2 trolls (D:9)
  A hornet (D:7)
  A hippogriff (D:8)
  2 dream sheep (D:9)
  A wyvern (D:9)
  A basilisk (D:11)
  2 yaks (D:9)
  3 hungry ghosts
  A phantom (D:9)
  An orc warrior (D:10)
  4 ice beasts
  2 sky beasts (D:8)
  2 black bears
  An eye of draining (D:10)
  6 centaurs
  6 ogres
  4 big kobolds
  4 bullfrogs
  A wyvern zombie (D:8)
  A water moccasin skeleton (D:7)
  2 scorpions
  20 killer bees
  A howler monkey (D:5)
  7 crimson imps
  A quasit (D:8)
  11 hounds
  3 orc priests
  A jelly (D:9)
  2 bullfrog skeletons (D:7)
  9 worker ants
  10 orc wizards
  3 killer bee zombies
  6 big kobold zombies (Ossuary)
  4 hound skeletons
  A mummy (Ossuary)
  A howler monkey zombie (D:5)
  A worker ant zombie (D:9)
  4 gnolls
  8 adders
  2 shadow imps
  An ooze (D:5)
  2 adder skeletons
  An adder zombie (D:5)
  4 worms
  5 leopard geckos
  38 orcs
  A spectral bat (Ossuary)
  3 ball pythons
  3 bat simulacra (Ossuary)
  6 giant cockroaches
  6 goblins
  4 hobgoblins
  9 jackals
  16 kobolds
  5 quokkas
  8 bats
  3 frilled lizards (D:1)
  6 gnoll zombies (Ossuary)
  4 goblin simulacra (Ossuary)
  6 goblin zombies (Ossuary)
  6 hobgoblin zombies (Ossuary)
  3 kobold simulacra (Ossuary)
  4 kobold zombies (Ossuary)
  2 orc zombies (Ossuary)
  A quokka zombie (D:5)
  8 rats
  3 rat simulacra (Ossuary)
  5 spectral goblins (Ossuary)
  5 spectral kobolds (Ossuary)
  3 spectral rats (Ossuary)
319 creatures vanquished.

Notes
Turn   | Place    | Note
-------+----------+-------------------------------------------
     0 | D:1      | Borgoz the Gargoyle Gladiator began the quest for the Orb.
     0 | D:1      | Reached XP level 1. HP: 12/12 MP: 1/1
   268 | D:1      | Reached XP level 2. HP: 11/17 MP: 2/2
   512 | D:1      | Reached skill level 1 in Armour
   512 | D:1      | Reached XP level 3. HP: 17/22 MP: 3/3
   984 | D:2      | Reached XP level 4. HP: 17/27 MP: 4/4
  1370 | D:2      | Found a glowing golden altar of the Shining One.
  1522 | D:3      | Reached skill level 3 in Fighting
  1522 | D:3      | Reached XP level 5. HP: 32/32 MP: 5/5
  1687 | D:3      | Found a burning altar of Makhleb.
  2215 | D:4      | Reached XP level 6. HP: 37/37 MP: 6/6
  2355 | D:4      | Found a glowing golden altar of the Shining One.
  2355 | D:4      | Found a radiant altar of Vehumet.
  2356 | D:4      | Found an ornate altar of the Wu Jian Council.
  2402 | D:4      | Reached XP level 7. HP: 27/42 MP: 7/7
  2459 | D:4      | Found an iron altar of Okawaru.
  2784 | D:4      | Reached skill level 4 in Fighting
  2837 | D:4      | Reached skill level 5 in Long Blades
  2856 | D:4      | Found a shimmering altar of Xom.
  3183 | D:5      | Entered Level 5 of the Dungeon
  3224 | D:5      | Reached XP level 8. HP: 47/48 MP: 8/8
  3284 | D:5      | Reached skill level 5 in Dodging
  3432 | D:5      | Found a sparkling altar of Nemelex Xobeh.
  3689 | D:5      | Reached skill level 5 in Fighting
  3720 | D:5      | Reached skill level 1 in Stealth
  4051 | D:5      | Found a deep blue altar of Sif Muna.
  4097 | D:5      | Identified Sif Muna's Handbook of Arcane Weapons
  4222 | D:5      | Found a sacrificial altar of Ru.
  4381 | D:6      | Found an ancient bone altar of Kikubaaqudgha.
  4460 | D:6      | Reached XP level 9. HP: 42/54 MP: 9/9
  4541 | D:6      | Reached skill level 5 in Armour
  4556 | D:6      | Found an opulent altar of Gozag.
  5108 | D:7      | Found a staircase to the Ecumenical Temple.
  5125 | Temple   | Entered the Ecumenical Temple
  5418 | D:7      | Reached skill level 8 in Fighting
  5418 | D:7      | Reached XP level 10. HP: 65/65 MP: 10/10
  5565 | D:7      | Noticed Joseph
  5595 | D:7      | Found a shadowy altar of Dithmenos.
  5595 | D:7      | Found a shimmering altar of Xom.
  5599 | D:7      | Found a stormy altar of Qazlal.
  5606 | D:7      | Killed Joseph
  5612 | D:7      | Found a shattered altar of Ashenzari.
  5620 | D:7      | Became a worshipper of Ashenzari the Shackled
  5677 | D:7      | Found a sand-covered staircase.
  5682 | Ossuary  | Entered an ossuary
  6416 | D:7      | Reached skill level 9 in Fighting
  6783 | D:8      | Reached * piety under Ashenzari
  6870 | D:8      | Got the uncursed robe of Music {rElec}
  6885 | D:8      | Identified the +1 robe of Music {rElec} (You found it on
                  | level 8 of the Dungeon)
  7829 | D:9      | Reached XP level 11. HP: 64/71 MP: 11/11
  7985 | D:9      | Found a staircase to the Orcish Mines.
  8335 | D:9      | Noticed a white ugly thing
  8743 | D:9      | Killed a white ugly thing
  9544 | D:9      | Noticed a three-headed hydra
  9564 | D:9      | Killed a three-headed hydra
  9706 | D:10     | Entered Level 10 of the Dungeon
  9939 | D:10     | Reached skill level 10 in Fighting
 10125 | D:10     | Noticed an unseen horror
 10188 | D:10     | Noticed an unseen horror
 10196 | D:10     | Killed an unseen horror
 10389 | D:10     | Killed an unseen horror
 10436 | D:10     | Got the hunting sling of Red Wine {venom, Dex+4}
 10942 | D:11     | Noticed an orc knight
 11262 | D:10     | Slain by an orc knight

Levels and vault maps discovered:
D:1:      tarquinn_simple_flora_water_a, layout_loops_ring
D:2:      layout_rooms, nicolae_tso_swordbearing_angel
D:3:      layout_loops_ring, makhleb_blood_cavern_becter
D:4:      layout_loops_ring, gammafunk_temple_overflow_forgotten,
          okawaru_trees_1, first_ration, led_xom_imps
D:5:      layout_loops_ring, kennysheep_mini, led_sif_book,
          nemelex_xobeh_ov_fountains_minmay
D:6:      layout_basic, grunt_gozag_statues, basic_altar
D:7:      layout_loops_cross, grunt_temple_overflow_open, temple_statues,
          enter_ossuary_2, nrook_mini_backslash, uniq_joseph
D:8:      layout_cave_pods
D:9:      layout_loops_ring, orc_0_dummy, hangedman_ranch
          [blue_anna_fruit_fields]
D:10:     layout_long_grid
D:11:     kennysheep_big_flooded_room, layout_irregular_city,
          david_lair_shrubbed
Temple:   dpeg_chambers_temple

Skill      XL: |  1  2  3  4  5  6  7  8  9 10 11 |
---------------+----------------------------------+-----
Long Blades    | 3 4 5 6 8 9 |  9.6
Armour         | 1 2 3 4 8 9 |  9.9
Dodging        | 3 4 5 7 8 |  8.8
Fighting       | 3 4 5 8 9 10 | 10.2
Stealth        | 1 2 3 4 |  4.7
Throwing       | |  1.7

Action                   |  1- 3 |  4- 6 |  7- 9 | 10-12 || total
-------------------------+-------+-------+-------+-------++-------
Melee: Long sword        |    48 |       |   299 |  1045 ||  1392
       Dagger            |    63 |   165 |   111 |    20 ||   359
Throw: Throwing net      |       |     1 |     5 |       ||     6
Evoke: Wand              |       |       |       |     2 ||     2
  Use: Potion            |       |     7 |     2 |    13 ||    22
       Scroll            |       |       |    10 |     9 ||    19
 Stab: Invisible         |       |     2 |       |     5 ||     7
       Held in net/web   |       |       |     2 |       ||     2
  Eat: Ration            |       |     1 |       |     6 ||     7
       Chunk             |       |     2 |    10 |    21 ||    33
Armor: Leather armour    |    78 |       |       |       ||    78
       Plate armour      |     4 |   126 |   297 |   927 ||  1354
       Skin              |       |     5 |     1 |    24 ||    30
       Troll leather arm |       |       |       |     6 ||     6
Dodge: Dodged            |    79 |    42 |   149 |   655 ||   925
       Rpst.: Long sword |    13 |       |    38 |   193 ||   244

Table legend:
 A = Non-vault XP
 B = Vault XP
 C = Vault XP percentage of total XP
 D = Non-vault monster count
 E = Vault monster count
 F = Vault count percentage of total count
                 A         B        C        D         E       F
            +---------+---------+-------+---------+---------+-------
      Total |   11043 |    3313 |  23.1 |     244 |      75 |  23.5
            +---------+---------+-------+---------+---------+-------
        D:1 |      53 |       0 |   0.0 |      26 |       0 |   0.0
        D:2 |      81 |       0 |   0.0 |      18 |       0 |   0.0
        D:3 |      82 |      43 |  34.4 |      13 |       1 |   7.1
        D:4 |     689 |     190 |  21.6 |      35 |       4 |  10.3
        D:5 |     916 |      80 |   8.0 |      22 |       2 |   8.3
        D:6 |     483 |       0 |   0.0 |      13 |       0 |   0.0
        D:7 |     855 |     471 |  35.5 |      19 |       1 |   5.0
        D:8 |    2116 |       0 |   0.0 |      41 |       0 |   0.0
        D:9 |    2833 |    2203 |  43.7 |      33 |       8 |  19.5
       D:10 |    2556 |       0 |   0.0 |      21 |       0 |   0.0
       D:11 |     379 |      88 |  18.8 |       3 |       1 |  25.0
    Ossuary |       0 |     238 | 100.0 |       0 |      58 | 100.0
            +---------+---------+-------+---------+---------+-------
